[Event "DVM U14w 2019"]
[Site "Neumuenster"]
[Date "2019.12.27"]
[Round "1"]
[White "Zhou, Lepu Coco"]
[Black "Winkler, Sarah"]
[Result "*"]
[ECO "C78"]
[WhiteElo "1892"]
[BlackElo "1307"]
[Annotator "NA RC"]
[PlyCount "85"]
[EventDate "2019.12.27"]
[EventType "team-tourn"]
[EventRounds "7"]
[EventCountry "GER"]
[SourceTitle "playchess.com"]
[Source "ChessBase"]
[SourceQuality "1"]
[WhiteTeam "USV Halle"]
[BlackTeam "SK Tarrasch 1945 München"]
[TimeControl "40/5400+30:1800+30"]

1. e4 e5 2. Nf3 Nc6 3. Bb5 a6 4. Ba4 Nf6 5. O-O Bc5 6. c3 b5 7. Bb3 d6 8. d4 exd4 9. cxd4 Bb6 10. h3 O-O {[%emt 0:00:21] unterminated} 11. Nc3 {[%emt 0:01:01] C78: Ruy Lopez: Archangelsk and Möller Defences} b4 12. Ne2 $146 {[%emt 0:00:14] unterminated} ({Predecessor:} 12. Nd5 Nxd5 13. Bxd5 Bd7 14. Bg5 Qe8 15. Rc1 Rb8 16. Re1 Ne7 17. Bc4 Ng6 18. Bxa6 h6 {½-½ (43) Venkat,S (2216)-Deshmukh,A (2271) Gurgaon 2010}) 12... Bb7 13. Ng3 {[%emt 0:01:37] unterminated} Re8 {[%emt 0:02:38] unterminated} 14. Re1 {[%emt 0:05:35] unterminated} Qd7 15. Ba4 {[%emt 0:01:02] unterminated} d5 16. Ne5 Qe6 {[%emt 0:04:45] unterminated} 17. Bf4 {[%emt 0:04:02] unterminated} Rec8 18. exd5 Qxd5 {[%emt 0:03:56] unterminated} 19. Nf5 {[%emt 0:06:00] unterminated} Kf8 20. Bb3 Qb5 {[%emt 0:02:02] unterminated} 21. Rc1 {[%emt 0:14:46] unterminated} Nxe5 {[%emt 0:05:36] unterminated} 22. Rxe5 Qd7 23. Ba4 {[%emt 0:01:32] unterminated} c6 {[%emt 0:05:16] unterminated} 24. Nd6 {[%emt 0:02:30] unterminated} Bc7 25. Nxc8 {[%emt 0:02:37] unterminated} Rxc8 {[%emt 0:03:10] unterminated} 26. Bd2 Bxe5 27. dxe5 Nd5 28. Bxb4+ Kg8 29. Bd6 Qe6 30. Qb3 Ba8 31. Qd3 Bb7 32. Bd1 Rd8 33. Bg4 Qh6 34. Rd1 Qg5 35. Qb3 Ba8 36. Qa3 Bb7 37. Be7 Qxe5 38. Bxd8 Nf4 39. Ba5 h5 40. Bf3 Qg5 {[%emt 0:01:19] unterminated} 41. Be4 {[%emt 0:32:15] unterminated} g6 {[%emt 0:33:56] unterminated} 42. Bd8 {[%emt 0:07:05] unterminated} Qe5 $18 {[%emt 0:01:54] unterminated} 43. Qe7 {[%emt 0:00:48] unterminated} *

[Event "DVM U14w 2019"]
[Site "Neumuenster"]
[Date "2019.12.27"]
[Round "1"]
[White "Reuter, Elisa"]
[Black "Alferova, Emily"]
[Result "1-0"]
[ECO "C54"]
[WhiteElo "1850"]
[BlackElo "1352"]
[Annotator "NA RC"]
[PlyCount "63"]
[EventDate "2019.12.27"]
[EventType "team-tourn"]
[EventRounds "7"]
[EventCountry "GER"]
[SourceTitle "playchess.com"]
[Source "ChessBase"]
[SourceQuality "1"]
[WhiteTeam "SG Leipzig"]
[BlackTeam "SC Garching"]
[TimeControl "40/5400+30:1800+30"]

1. e4 e5 2. Nf3 Nc6 3. Bc4 Bc5 4. c3 Nf6 5. d3 a6 6. Bb3 d6 7. Nbd2 {[%emt 0:00:19] unterminated} Ba7 8. h3 {[%emt 0:02:31] unterminated} h6 {[%emt 0:02:49] C54: Giuoco Piano: 4 c3 Nf6, main lines with 5 d4 and 5 d3} 9. Nf1 {[%emt 0:03:47] unterminated} Nh5 {[%emt 0:08:40] unterminated} (9... Be6 10. Ng3 Qd7 11. Qe2 Bxb3 12. axb3 Ne7 13. O-O Ng6 14. Nf5 O-O 15. Nh2 Qe6 16. b4 Ne7 17. Ng3 Ng6 18. Nf5 Ne7 19. Ng3 Ng6 20. Nf5 Ne7 {½-½ (20) Chigaev,M (2604)-Kovalev,V (2687) Wijk aan Zee 2019}) 10. d4 {[%emt 0:22:10] unterminated} exd4 $146 ({Predecessor:} 10... Qf6 11. Ne3 {½-½ (11) Heberla,B (2438)-Luch,M (2384) Sroda Wielkopolska 2005}) 11. Nxd4 Nxd4 12. cxd4 Nf6 13. Ng3 c6 14. O-O O-O 15. Be3 Qe7 {[%emt 0:01:49] unterminated} 16. Bc2 Rd8 {[%emt 0:02:30] unterminated} 17. Qf3 {[%emt 0:05:53] unterminated} Re8 {[%emt 0:04:48] unterminated} 18. Rfe1 {[%emt 0:09:10] unterminated} Bd7 {[%emt 0:03:52] unterminated} 19. Rad1 {[%emt 0:08:07] unterminated} b5 {[%emt 0:05:01] unterminated} 20. Bc1 {[%emt 0:04:43] unterminated} Rad8 {[%emt 0:04:58] unterminated} 21. Bd2 {[%emt 0:07:54] unterminated} Bb6 22. Bc3 {[%emt 0:00:32] unterminated} Nh7 23. Qd3 {[%emt 0:02:30] unterminated} Nf8 {[%emt 0:07:05] unterminated} 24. e5 {[%emt 0:07:31] unterminated} Ng6 {[%emt 0:01:28] unterminated} 25. Bb4 {[%emt 0:05:12] unterminated} c5 $18 26. exd6 Qxd6 27. Rxe8+ Rxe8 28. dxc5 Qxd3 29. Bxd3 Bc7 30. Bxg6 Bxg3 31. fxg3 fxg6 32. Rxd7 {[%emt 0:00:03] normal} 1-0

[Event "DVM U14w 2019"]
[Site "Neumuenster"]
[Date "2019.12.27"]
[Round "1"]
[White "Werner, Rosalie"]
[Black "Stepanjan, Marianne"]
[Result "*"]
[ECO "B82"]
[WhiteElo "1674"]
[BlackElo "1414"]
[Annotator "NA RC"]
[PlyCount "48"]
[EventDate "2019.12.27"]
[EventType "team-tourn"]
[EventRounds "7"]
[EventCountry "GER"]
[SourceTitle "playchess.com"]
[Source "ChessBase"]
[SourceQuality "1"]
[WhiteTeam "VSG 1880 Offenbach"]
[BlackTeam "TuRa Harksheide Norderstedt"]
[TimeControl "40/5400+30:1800+30"]

1. e4 c5 2. Nf3 d6 3. d4 cxd4 4. Nxd4 Nf6 5. Nc3 e6 6. f4 a6 7. Be2 Qc7 8. O-O Be7 9. Be3 O-O 10. Qe1 e5 11. Nb3 Nc6 12. f5 b5 13. Qg3 Rd8 14. Bh6 Bf8 15. Nd5 Nxd5 16. exd5 Nb4 17. f6 {[%emt 0:01:41] unterminated} Qxc2 {[%emt 0:06:39] unterminated} 18. Bh5 {[%emt 0:09:01] unterminated} Bf5 19. fxg7 {[%emt 0:03:08] unterminated} Be7 {[%emt 0:00:49] unterminated} 20. Rf2 {[%emt 0:04:44] unterminated} Qe4 {[%emt 0:05:16] unterminated} 21. Bxf7+ Kxf7 {[%emt 0:02:54] unterminated} 22. Qh3 Kg6 {[%emt 0:02:47] unterminated} 23. g4 {[%emt 0:03:36] unterminated} Bxg4 {[%emt 0:08:15] unterminated} 24. Rg2 {[%emt 0:01:09] unterminated} Kf5 {[%emt 0:13:29] unterminated} *

[Event "DVM U14w 2019"]
[Site "Neumuenster"]
[Date "2019.12.27"]
[Round "1"]
[White "Prinzen, Siri Marleen"]
[Black "Dietz, Kristin"]
[Result "1/2-1/2"]
[ECO "B21"]
[WhiteElo "1631"]
[BlackElo "1946"]
[Annotator "NA RC"]
[PlyCount "115"]
[EventDate "2019.12.27"]
[EventType "team-tourn"]
[EventRounds "7"]
[EventCountry "GER"]
[SourceTitle "playchess.com"]
[Source "ChessBase"]
[SourceQuality "1"]
[WhiteTeam "SK Tarrasch 1945 München"]
[BlackTeam "USV Halle"]
[TimeControl "40/5400+30:1800+30"]

1. e4 c5 2. d4 cxd4 3. c3 g6 4. cxd4 d5 {[%emt 0:00:10] unterminated} 5. e5 Nc6 $11 6. h3 Nh6 7. Nf3 Nf5 8. Bb5 Bg7 9. Nc3 e6 10. O-O O-O 11. Bxc6 bxc6 12. Na4 f6 13. Bf4 fxe5 14. Bxe5 Nh4 15. Nxh4 Qxh4 16. Bxg7 Kxg7 17. Nc5 Rb8 18. Qd2 Qf4 19. Rad1 Qxd2 20. Rxd2 Rb5 21. Re1 Re8 22. f4 Kf6 23. Kf2 Ke7 24. b3 Kd6 25. Rc1 Rf8 26. Ke3 Bd7 27. Rdc2 Rb6 28. Nd3 Rb7 29. Nc5 Rc7 30. Na6 Rcc8 31. Nc5 Rf7 32. g3 g5 33. a3 gxf4+ 34. gxf4 Rg7 35. Kf3 Rcg8 36. h4 Be8 37. Re1 Bf7 38. Rf2 Rg3+ 39. Ke2 R8g4 40. Rh1 Rc3 41. Kd2 Rgg3 42. Rc1 Rxc1 43. Kxc1 Rg4 44. Kd2 Rxh4 45. Kc3 Rh3+ 46. Kb4 Rg3 47. Ka5 h5 48. Ka6 h4 49. f5 h3 50. fxe6 Bxe6 51. Rf6 Re3 52. Rh6 Ke7 53. Nxe6 Rxe6 54. Rxh3 c5+ 55. Kxa7 cxd4 56. Rd3 Re3 57. Rxd4 Rxb3 58. Rxd5 {[%emt 0:00:00] normal} 1/2-1/2

[Event "DVM U14w 2019"]
[Site "Neumuenster"]
[Date "2019.12.27"]
[Round "1"]
[White "Zöllner, Bente"]
[Black "Modali, Nikhilamrutha"]
[Result "1-0"]
[ECO "E12"]
[WhiteElo "1630"]
[BlackElo "1112"]
[Annotator "NA RC"]
[PlyCount "33"]
[EventDate "2019.12.27"]
[EventType "team-tourn"]
[EventRounds "7"]
[EventCountry "GER"]
[SourceTitle "playchess.com"]
[Source "ChessBase"]
[SourceQuality "1"]
[WhiteTeam "SC Papenburg"]
[BlackTeam "Hamburger SK"]
[TimeControl "40/5400+30:1800+30"]

1. d4 Nf6 2. c4 e6 3. Nf3 b6 4. Bg5 Be7 5. e3 h6 6. Bh4 Bb7 7. Bd3 Na6 8. a3 c5 9. Nc3 Rc8 10. Rc1 d5 11. cxd5 exd5 12. Qa4+ Nd7 13. Bxe7 Qxe7 14. Bxa6 Bxa6 15. Qxa6 Nf6 16. Qxc8+ Qd8 17. Qxd8+ {[%emt 0:00:06] normal} 1-0

[Event "DVM U14w 2019"]
[Site "Neumuenster"]
[Date "2019.12.27"]
[Round "1"]
[White "Hubert, Charlotte"]
[Black "Roncea, Andreea-Alexandra"]
[Result "1/2-1/2"]
[ECO "C47"]
[WhiteElo "1415"]
[BlackElo "1591"]
[Annotator "NA RC"]
[PlyCount "54"]
[EventDate "2019.12.27"]
[EventType "team-tourn"]
[EventRounds "7"]
[EventCountry "GER"]
[SourceTitle "playchess.com"]
[Source "ChessBase"]
[SourceQuality "1"]
[WhiteTeam "Hamburger SK"]
[BlackTeam "SC Papenburg"]
[TimeControl "40/5400+30:1800+30"]

1. e4 e5 2. Nf3 Nc6 3. Nc3 Nf6 4. d4 exd4 5. Nxd4 Bb4 6. Nxc6 bxc6 7. Bd3 d5 8. exd5 cxd5 9. O-O O-O 10. Bg5 c6 11. Na4 h6 12. Bh4 Re8 13. c4 Bd6 14. b3 Be5 15. Rc1 Qd6 16. h3 g5 17. Bg3 Bxg3 18. fxg3 Re3 19. Rf3 Rxf3 20. Qxf3 g4 21. hxg4 Bxg4 22. Qf4 Qxf4 23. gxf4 Nh5 24. Rf1 Rd8 25. Nc5 dxc4 26. Bxc4 Rd2 27. a3 Rd1 {[%emt 0:11:59] normal} 1/2-1/2

[Event "DVM U14w 2019"]
[Site "Neumuenster"]
[Date "2019.12.27"]
[Round "1"]
[White "Nguyen, Jenny Ha-Linh"]
[Black "Frowein, Katja"]
[Result "1-0"]
[ECO "B22"]
[WhiteElo "1387"]
[BlackElo "1271"]
[Annotator "NA RC"]
[PlyCount "79"]
[EventDate "2019.12.27"]
[EventType "team-tourn"]
[EventRounds "7"]
[EventCountry "GER"]
[SourceTitle "playchess.com"]
[Source "ChessBase"]
[SourceQuality "1"]
[WhiteTeam "SG Leipzig"]
[BlackTeam "SC Garching"]
[TimeControl "40/5400+30:1800+30"]

1. e4 c5 2. c3 d6 3. d4 cxd4 4. cxd4 Nf6 5. Nc3 g6 6. Nf3 Bg7 7. Bb5+ Bd7 8. Bxd7+ Qxd7 9. O-O O-O 10. Bg5 Nc6 11. Qd2 Rfe8 12. Rac1 Rac8 13. Rfd1 a6 14. Bh6 e6 15. Bxg7 Kxg7 16. Qe2 Qc7 17. Qd2 b5 18. d5 exd5 19. exd5 Ne5 20. Nxe5 Rxe5 21. Re1 b4 22. Ne2 Qb7 23. Nf4 Rxc1 24. Qxc1 Rxe1+ 25. Qxe1 Nxd5 26. Nd3 b3 27. axb3 Qxb3 28. Qe2 Nb4 29. Nxb4 Qxb4 30. Qxa6 Qxb2 31. g3 d5 32. Qd3 d4 33. Kf1 Kf6 34. f4 g5 35. fxg5+ Kxg5 36. Qxh7 Qc1+ 37. Kg2 Qd2+ 38. Kh3 Qf2 39. Qg7+ Kh5 40. g4# {normal} 1-0

[Event "DVM U14w 2019"]
[Site "Neumuenster"]
[Date "2019.12.27"]
[Round "1"]
[White "Dixon, Laura Michaela"]
[Black "Chen, Michelle"]
[Result "*"]
[ECO "C53"]
[WhiteElo "1310"]
[BlackElo "1072"]
[Annotator "NA RC"]
[PlyCount "68"]
[EventDate "2019.12.27"]
[EventType "team-tourn"]
[EventRounds "7"]
[EventCountry "GER"]
[SourceTitle "playchess.com"]
[Source "ChessBase"]
[SourceQuality "1"]
[WhiteTeam "VSG 1880 Offenbach"]
[BlackTeam "TuRa Harksheide Norderstedt"]
[TimeControl "40/5400+30:1800+30"]

1. e4 e5 2. Nf3 Nc6 3. Bc4 Bc5 4. c3 Nge7 5. d4 exd4 6. cxd4 Bb4+ 7. Bd2 Bxd2+ 8. Nbxd2 d5 9. Bb5 Bg4 10. e5 a6 11. Be2 Nf5 12. Nb3 Qe7 13. Qd2 Bxf3 14. Bxf3 Qb4 15. Qxb4 Nxb4 16. O-O O-O 17. a3 Nc6 18. Bxd5 Nfxd4 19. Nxd4 Nxd4 20. Bxb7 Rab8 21. Bxa6 Rxb2 22. a4 Re8 {[%emt 0:01:02] unterminated} 23. f4 {[%emt 0:02:19] unterminated} Ra8 {[%emt 0:04:46] unterminated} 24. Bd3 Rb4 {[%emt 0:01:01] unterminated} 25. Rfb1 {[%emt 0:09:56] unterminated} Rxb1+ 26. Rxb1 g6 {[%emt 0:02:52] unterminated} 27. Ra1 Kf8 {[%emt 0:02:43] unterminated} 28. Ra2 Nb3 29. Bc4 {[%emt 0:02:00] unterminated} Na5 30. Rc2 {[%emt 0:01:47] unterminated} Ke7 31. Kf2 f6 {[%emt 0:00:41] unterminated} 32. Ke3 Nxc4+ 33. Rxc4 {[%emt 0:00:10] unterminated} Rc8 34. a5 f5 {[%emt 0:01:12] unterminated} *

[Event "DVM U14w 2019"]
[Site "Neumuenster"]
[Date "2019.12.27"]
[Round "1"]
[White "Foos, Vanessa"]
[Black "Buchholz, Maja"]
[Result "0-1"]
[ECO "C01"]
[WhiteElo "1309"]
[BlackElo "1666"]
[Annotator "NA RC"]
[PlyCount "68"]
[EventDate "2019.12.27"]
[EventType "team-tourn"]
[EventRounds "7"]
[EventCountry "GER"]
[SourceTitle "playchess.com"]
[Source "ChessBase"]
[SourceQuality "1"]
[WhiteTeam "TuRa Harksheide Norderstedt"]
[BlackTeam "VSG 1880 Offenbach"]
[TimeControl "40/5400+30:1800+30"]

1. e4 e6 2. d4 d5 3. exd5 exd5 4. Bd3 Nf6 5. Ne2 Nc6 6. Nbc3 Bd6 7. O-O O-O 8. Bf4 Nxd4 9. Bxh7+ Nxh7 10. Qxd4 c6 11. Bxd6 Qxd6 12. Ng3 Qg6 13. Qd2 b6 14. Rfe1 Bb7 15. Re7 Rab8 16. Rae1 Ng5 17. f4 Ne6 18. f5 Qf6 19. Rxb7 Rxb7 20. fxe6 fxe6 21. Qe2 Re7 22. a3 e5 23. Nd1 e4 24. Ne3 Qxb2 25. Nef5 Rc7 26. a4 g6 27. Qg4 Qf6 28. Rf1 Kh8 29. Qh3+ Rh7 30. Nh4 Qd4+ 31. Kh1 Rxf1+ 32. Nxf1 Qf6 33. Qc8+ Kg7 34. Qd7+ Kh6 {normal} 0-1

[Event "DVM U14w 2019"]
[Site "Neumuenster"]
[Date "2019.12.27"]
[Round "1"]
[White "Muhina, Liana"]
[Black "Oswald, Hannah"]
[Result "0-1"]
[ECO "C45"]
[WhiteElo "1272"]
[BlackElo "1647"]
[Annotator "NA RC"]
[PlyCount "66"]
[EventDate "2019.12.27"]
[EventType "team-tourn"]
[EventRounds "7"]
[EventCountry "GER"]
[SourceTitle "playchess.com"]
[Source "ChessBase"]
[SourceQuality "1"]
[WhiteTeam "SC Garching"]
[BlackTeam "SG Leipzig"]
[TimeControl "40/5400+30:1800+30"]

1. e4 e5 2. Nf3 Nc6 3. d4 exd4 4. Nxd4 Bc5 5. Nxc6 bxc6 6. Nc3 Ne7 7. Bc4 O-O 8. O-O Ng6 9. Re1 Ne5 10. Bb3 Qh4 11. Be3 Bxe3 12. Rxe3 Ng4 13. Rh3 Qxf2+ 14. Kh1 Qf4 15. Ne2 Nf2+ 16. Kg1 Nxh3+ 17. gxh3 Qxe4 18. Ng3 Qe3+ 19. Kh1 d5 20. Qf1 Re8 21. Qg2 Qh6 22. Rg1 Bxh3 23. Qf3 Re3 24. Qf2 Rae8 25. c3 Bg4 26. Bc2 Bf3+ 27. Rg2 Bxg2+ 28. Qxg2 Rxg3 29. Qxg3 Qc1+ 30. Kg2 Qxc2+ 31. Kg1 Qd2 32. Qf2 Re1+ 33. Kg2 Re2 {[%emt 0:00:06] normal} 0-1

[Event "DVM U14w 2019"]
[Site "Neumuenster"]
[Date "2019.12.27"]
[Round "1"]
[White "Muhina, Alina"]
[Black "Halas, Neele Zoe"]
[Result "*"]
[ECO "C45"]
[WhiteElo "1228"]
[BlackElo "1076"]
[Annotator "NA RC"]
[PlyCount "96"]
[EventDate "2019.12.27"]
[EventType "team-tourn"]
[EventRounds "7"]
[EventCountry "GER"]
[SourceTitle "playchess.com"]
[Source "ChessBase"]
[SourceQuality "1"]
[WhiteTeam "SC Garching"]
[BlackTeam "SG Leipzig"]
[TimeControl "40/5400+30:1800+30"]

1. e4 e5 2. Nf3 Nc6 3. d4 exd4 4. Nxd4 Bc5 5. Nxc6 bxc6 6. Nc3 Ne7 7. Bd3 d5 8. O-O O-O 9. Qh5 h6 10. Bf4 Be6 11. Rad1 Qd7 12. h3 Rab8 13. b3 Qc8 14. Na4 Bb6 15. Nxb6 axb6 16. Rfe1 Rd8 17. Re3 Ng6 18. Bxh6 gxh6 19. Qxh6 dxe4 20. Be2 Rxd1+ 21. Bxd1 Qf8 22. Qg5 Rd8 23. Re1 Qe7 24. Qh6 Qh4 25. Qe3 Bf5 26. c4 Rd3 27. Qc1 Qf4 28. Re3 Rxe3 29. Qxe3 Qxe3 30. fxe3 Ne5 31. b4 Nxc4 32. Kf2 Bg6 33. g4 f6 34. Bb3 Bf7 35. Kg3 Nxe3 36. Bxf7+ Kxf7 37. Kf4 Nc2 38. Kxe4 Nxb4 39. a4 c5 40. Ke3 c6 41. Kd2 Kg6 42. h4 Nd5 43. Kd3 Nb4+ 44. Kc4 Na6 45. Kb3 b5 46. axb5 cxb5 47. Kc3 c4 48. Kb2 b4 {[%emt 0:00:17] unterminated} *

[Event "DVM U14w 2019"]
[Site "Neumuenster"]
[Date "2019.12.27"]
[Round "1"]
[White "Krasikova, Milana"]
[Black "Evering, Enna"]
[Result "0-1"]
[ECO "C68"]
[WhiteElo "1082"]
[BlackElo "1556"]
[Annotator "NA RC"]
[PlyCount "70"]
[EventDate "2019.12.27"]
[EventType "team-tourn"]
[EventRounds "7"]
[EventCountry "GER"]
[SourceTitle "playchess.com"]
[Source "ChessBase"]
[SourceQuality "1"]
[WhiteTeam "Hamburger SK"]
[BlackTeam "SC Papenburg"]
[TimeControl "40/5400+30:1800+30"]

1. e4 e5 2. Nf3 Nc6 3. Bb5 a6 4. Bxc6 dxc6 5. d3 Bd6 6. c3 Bg4 7. d4 Bxf3 8. Qxf3 Qf6 9. Qxf6 Nxf6 10. Nd2 O-O-O 11. O-O Rhe8 12. Re1 exd4 13. cxd4 Bb4 14. e5 Nd5 15. a3 Bxd2 16. Bxd2 Nb6 17. Bc3 Na4 18. Rac1 Nxc3 19. bxc3 Rd5 20. a4 c5 21. Rcd1 cxd4 22. Rxd4 Rdxe5 23. Rxe5 Rxe5 24. f4 Rc5 25. c4 Ra5 26. Re4 Kd7 27. Rd4+ Ke6 28. Re4+ Kf6 29. Re5 Rxe5 30. fxe5+ Kxe5 31. Kf2 Kd4 32. Kf3 Kxc4 33. g4 Kb4 34. h4 c5 35. g5 c4 {[%emt 0:00:33] normal} 0-1

[Event "DVM U14w 2019"]
[Site "Neumuenster"]
[Date "2019.12.27"]
[Round "1"]
[White "Semenchenko, Simona"]
[Black "Stowicek, Yara Mathilda"]
[Result "1/2-1/2"]
[ECO "C47"]
[WhiteElo "919"]
[BlackElo "1682"]
[Annotator "NA RC"]
[PlyCount "72"]
[EventDate "2019.12.27"]
[EventType "team-tourn"]
[EventRounds "7"]
[EventCountry "GER"]
[SourceTitle "playchess.com"]
[Source "ChessBase"]
[SourceQuality "1"]
[WhiteTeam "SK Tarrasch 1945 München"]
[BlackTeam "USV Halle"]
[TimeControl "40/5400+30:1800+30"]

1. e4 e5 2. Nf3 Nc6 3. Nc3 Nf6 4. Bc4 Nxe4 5. Nxe4 d5 6. Bd3 dxe4 7. Bxe4 Bd7 8. d3 h6 9. Be3 Bd6 10. O-O Qe7 11. c3 f5 12. Bxc6 Bxc6 13. Re1 O-O 14. d4 e4 15. Bd2 Qf6 16. Ne5 Bxe5 17. dxe5 Qxe5 18. f4 Qf6 19. Qb3+ Kh8 20. Be3 Qh4 21. g3 Qg4 22. Qe6 Rae8 23. Qc4 Rd8 24. Qc5 Rf7 25. Qxa7 Qf3 26. Rf1 Qe2 27. Rae1 Qc4 28. Qa3 b6 29. Rd1 Rd3 30. b3 Qxc3 31. Rfe1 Rxd1 32. Rxd1 Qxe3+ 33. Kf1 Bb5+ 34. Kg2 Qf3+ 35. Kh3 Qxd1 36. Kh4 Qg4# {[%emt 0:00:09] normal} 1/2-1/2

[Event "DVM U14w 2019"]
[Site "Neumuenster"]
[Date "2019.12.27"]
[Round "1"]
[White "Körle, Jolina"]
[Black "Boutayeb, Malak"]
[Result "1-0"]
[ECO "C50"]
[WhiteElo "790"]
[BlackElo "800"]
[Annotator "NA RC"]
[PlyCount "53"]
[EventDate "2019.12.27"]
[EventType "team-tourn"]
[EventRounds "7"]
[EventCountry "GER"]
[SourceTitle "playchess.com"]
[Source "ChessBase"]
[SourceQuality "1"]
[WhiteTeam "TuRa Harksheide Norderstedt"]
[BlackTeam "VSG 1880 Offenbach"]
[TimeControl "40/5400+30:1800+30"]

1. e4 e5 2. Nf3 Nc6 3. Bc4 Bc5 4. d3 d6 5. O-O Nf6 6. Nc3 O-O 7. Nd5 Be6 8. Nh4 Ng4 9. Ne3 Nxe3 10. fxe3 Bxc4 11. dxc4 Qxh4 12. Bd2 Qxe4 13. Be1 Qxc4 14. Bf2 Ne7 15. Qh5 g6 16. Qh6 Nf5 17. Qg5 Nxe3 18. Bxe3 Qxc2 19. Qh6 Qc4 20. Rf3 e4 21. Rh3 Rfe8 22. Qxh7+ Kf8 23. Qh4 Bd4 24. Bxd4 Qxd4+ 25. Kh1 Re5 26. Qf6 Qxb2 27. Rh8# {normal} 1-0

[Event "DVM U14w 2019"]
[Site "Neumuenster"]
[Date "2019.12.27"]
[Round "2"]
[White "Dietz, Kristin"]
[Black "Yue, Qizhou"]
[Result "0-1"]
[ECO "B47"]
[WhiteElo "1946"]
[BlackElo "1784"]
[Annotator "NA"]
[PlyCount "122"]
[EventDate "2019.12.27"]
[EventType "team-tourn"]
[EventRounds "7"]
[EventCountry "GER"]
[SourceTitle "playchess.com"]
[Source "ChessBase"]
[SourceQuality "1"]
[WhiteTeam "USV Halle"]
[BlackTeam "SV Multatuli Ingelheim"]
[TimeControl "40/5400+30:1800+30"]

1. e4 c5 2. Nf3 e6 3. d4 cxd4 4. Nxd4 Nc6 5. Nc3 Qc7 6. f4 Bb4 7. Ndb5 Qb8 8. e5 a6 9. Nd6+ Bxd6 10. exd6 Nf6 11. a4 b6 12. Be3 O-O 13. Qd2 Re8 14. Bc4 Ng4 15. Rd1 Nxe3 16. Qxe3 Na5 17. Bd3 Bb7 18. O-O Bd5 19. Qh3 g6 20. Ne4 Bxe4 21. Bxe4 Ra7 22. Rf3 Nc4 23. Qh6 Nxd6 24. Bd3 f5 25. Rh3 Re7 26. g4 b5 27. gxf5 Nxf5 28. Qg5 Rf7 29. axb5 axb5 30. Be4 Rc7 31. Rb3 Rc4 32. Re1 Nd4 33. Rg3 Qxf4 34. Qxf4 Rxf4 35. Bd3 Rc5 36. b4 Rc8 37. Rd1 Nf5 38. Rg5 Rxb4 39. Rf1 Ne3 40. Rf3 Nf5 41. Bxf5 exf5 42. Rfxf5 Rb1+ 43. Rf1 Rxf1+ 44. Kxf1 Rxc2 45. Rxb5 Rxh2 46. Rd5 Kf7 47. Rxd7+ Ke6 48. Ra7 h5 49. Kg1 Rd2 50. Ra5 Rd5 51. Ra2 g5 52. Kg2 Kf5 53. Ra3 g4 54. Kg3 Kg5 55. Ra8 h4+ 56. Kg2 Rd2+ 57. Kg1 h3 58. Rf8 Kh4 59. Rf1 g3 60. Ra1 h2+ 61. Kh1 Kh3 {[%emt 0:00:00] normal} 0-1

[Event "DVM U14w 2019"]
[Site "Neumuenster"]
[Date "2019.12.27"]
[Round "2"]
[White "Stowicek, Yara Mathilda"]
[Black "Albrecht, Angelique"]
[Result "1-0"]
[ECO "C55"]
[WhiteElo "1682"]
[BlackElo "1219"]
[Annotator "NA"]
[PlyCount "47"]
[EventDate "2019.12.27"]
[EventType "team-tourn"]
[EventRounds "7"]
[EventCountry "GER"]
[SourceTitle "playchess.com"]
[Source "ChessBase"]
[SourceQuality "1"]
[WhiteTeam "USV Halle"]
[BlackTeam "SV Multatuli Ingelheim"]
[TimeControl "40/5400+30:1800+30"]

1. e4 e5 2. Bc4 Nf6 3. Nf3 Nc6 4. d3 h6 5. c3 Bc5 6. Nbd2 d5 7. exd5 Nxd5 8. O-O Bg4 9. Ne4 Bb6 10. Ng3 O-O 11. h3 Be6 12. Re1 Qf6 13. Ne4 Qe7 14. Bb3 f5 15. Ng3 Qf6 16. Nh5 Qe7 17. Nxe5 Qd6 18. Nc4 Qe7 19. Nxb6 Nxb6 20. Rxe6 Qd7 21. Re7+ Kh8 22. Rxd7 Nxd7 23. Nf4 Nf6 24. Ng6+ {[%emt 0:00:14] normal} 1-0

[Event "DVM U14w 2019"]
[Site "Neumuenster"]
[Date "2019.12.27"]
[Round "2"]
[White "Buchholz, Maja"]
[Black "Niesch, Sarah"]
[Result "1-0"]
[ECO "A20"]
[WhiteElo "1666"]
[BlackElo "1043"]
[Annotator "NA"]
[PlyCount "101"]
[EventDate "2019.12.27"]
[EventType "team-tourn"]
[EventRounds "7"]
[EventCountry "GER"]
[SourceTitle "playchess.com"]
[Source "ChessBase"]
[SourceQuality "1"]
[WhiteTeam "VSG 1880 Offenbach"]
[BlackTeam "SC Leipzig-Lindenau"]
[TimeControl "40/5400+30:1800+30"]

1. c4 e5 2. g3 Nf6 3. Bg2 d6 4. Nc3 Be7 5. d3 Nc6 6. Nf3 Be6 7. Rb1 h6 8. b4 a5 9. b5 Nb4 10. a3 c5 11. axb4 cxb4 12. Na2 d5 13. Nxe5 dxc4 14. Nxc4 Bxc4 15. dxc4 Qxd1+ 16. Kxd1 Rd8+ 17. Kc2 b6 18. Be3 Rb8 19. Rhd1 O-O 20. Bf4 Rbc8 21. Bc6 g5 22. Be3 Rb8 23. h3 Nh7 24. Rd7 Bd8 25. c5 f5 26. Rbd1 bxc5 27. Bxc5 Bb6 28. Bxf8 Nxf8 29. Re7 Bc5 30. Re5 Bxf2 31. Rxf5 Bxg3 32. Rg1 Bf4 33. Kb3 Rd8 34. Rxf4 Ne6 35. Rf2 Nd4+ 36. Ka4 Nc2 37. Kxa5 b3 38. Nc3 Na3 39. e4 Nc4+ 40. Kb4 Rd4 41. Bd5+ Kg7 42. Bxc4 Rd6 43. h4 Kg6 44. Bf7+ Kg7 45. h5 Rd4+ 46. Bc4 Rd8 47. Rf7+ Kh8 48. Rgf1 b2 49. R1f6 Kg8 50. Rf8+ Kg7 51. R6f7# {[%emt 0:00:04] normal} 1-0